 Dungeon Crawl Stone Soup version 0.31.0-12-g77e489cdc1 (webtiles) character file.

Game seed: 2504194896647894921

12788 Anriel the Destroyer (level 11, 0/54 HPs)
             Began as a Deep Elf Conjurer on Feb 21, 2024.
             Was an Elder of Sif Muna.
             Slain by a wolf spider (14 damage)
             ... on level 11 of the Dungeon.
             The game lasted 01:09:38 (11680 turns).

Anriel the Destroyer (Deep Elf Conjurer)           Turns: 11680, Time: 01:09:39

Health: 0/54       AC: 12    Str:  4    XL:     11   Next: 67%
Magic:  19/27      EV: 15    Int: 28    God:    Sif Muna [****..]
Gold:   577        SH:  5    Dex: 13    Spells: 6/30 levels left

rFire   . . .        k - staff of conjuration
rCold   + . .        (no shield)
rNeg    . . .        j - +1 steam dragon scales
rPois   .            (no helmet)
rElec   .            o - scarf {+Inv}
rCorr   .            h - +1 pair of gloves
SInv    .            i - +0 pair of boots
Will    +....        I - amulet of reflection
Stlth   +++          u - ring of protection from cold
HPRegen 0.29/turn    (no ring)
MPRegen 0.20/turn

%: reflection, clarity
@: very slightly contaminated
A: iridescent scales 1, clarity, subdued magic 1
a: Renounce Religion, Evoke Invisibility, Channel Magic, Forget Spell, Divine
Exegesis


You were on level 11 of the Dungeon.
You worshipped Sif Muna.
Sif Muna was greatly pleased with you.
You visited 2 branches of the dungeon, and saw 12 of its levels.
You also visited: Ossuary.

You collected 577 gold pieces.

Inventory:

Hand Weapons
 r - a +3 rapier of venom
Armour
 a - a +0 robe
 h - a +1 pair of gloves (worn)
 i - a +0 pair of boots (worn)
 j - +1 steam dragon scales (worn)
 o - a scarf of invisibility (worn)
 x - a +0 cloak
 E - a +1 helmet
 F - the +0 scale mail of Moiqoat {rPois Will+}
   (You found it on level 10 of the Dungeon)

   rPois:     It protects you from poison Will+: It increases your willpower.
Magical Staves
 k - a staff of conjuration (weapon)
 A - a staff of air
 B - a staff of fire
Jewellery
 u - a ring of protection from cold (left hand)
 I - an amulet of reflection (around neck)
Wands
 g - a wand of mindburst (9)
 w - a wand of flame (12)
 z - a wand of polymorph (8)
 C - a wand of charming (20)
 D - a wand of acid (8)
 G - a wand of digging (2)
Scrolls
 p - 4 scrolls of teleportation
 s - 4 scrolls of fear
 y - a scroll of blinking
 H - 2 scrolls of identify
Potions
 b - a potion of magic
 c - 2 potions of enlightenment
 d - 4 potions of resistance
 e - 3 potions of brilliance
 f - 5 potions of lignification
 l - a potion of berserk rage
 m - 7 potions of curing
 n - a potion of invisibility
 q - 4 potions of heal wounds
 v - a potion of haste


   Skills:
 - Level 5.0 Armour
 * Level 7.1 Dodging
 - Level 5.0 Stealth
 - Level 10.0 Spellcasting
 - Level 10.0 Conjurations
 - Level 5.0 Translocations
 + Level 7.3 Fire Magic
 + Level 7.3 Earth Magic
 - Level 5.0 Invocations
 - Level 5.0 Evocations


You had 6 spell levels left.
You knew the following spells:

 Your Spells              Type           Power      Damage    Failure   Level
a - Magic Dart            Conj           100%       1d8       1%          1
b - Searing Ray           Conj           100%       2d8       1%          2
c - Iskenderun's Mystic   Conj/Tloc      59%        2d12      1%          4
d - Iskenderun's Battles  Conj           69%        2d12      1%          5
e - Bombard               Conj/Erth      32%        9d6       14%         6
f - Starburst             Conj/Fire      32%        6d10      14%         6

Your spell library contained the following spells:

 Spells                   Type           Power      Damage    Failure   Level
 Apportation              Tloc           64%        N/A       1%          1
 Kiss of Death            Conj/Necr      100%       2d13      1%          1
 Dazzling Flash           Conj/Hex       96%        N/A       1%          3
 Volatile Blastmotes      Fire/Tloc      74%        2d16      1%          3
 Fulminant Prism          Conj/Alch      24%        3d12      3%          4
 Jinxbite                 Hex            20%        N/A       4%          2
 Confusing Touch          Hex            10%        N/A       10%         3
 Borgnjor's Vile Clutch   Necr/Erth      13%        N/A       21%         5
 Dispel Undead            Necr           10%        3d9       32%         4
 Alistair's Intoxication  Alch           6%         N/A       69%         5
 Eringya's Noxious Bog    Alch           5%         4d6       99%         6
 Spellforged Servitor     Conj/Summ      24%        N/A       99%         7
 Maxwell's Capacitive Co  Air            5%         ∞         100%        8


Dungeon Overview and Level Annotations

Branches:
Dungeon (11/15)            Temple (1/1) D:5            Lair (0/5) D:10
    Orc (0/2) D:10        Ossuary (visited)

Altars:
Ashenzari
Cheibriados
Dithmenos
Elyvilon
Fedhas
Gozag
Hepliaklqana
Kikubaaqudgha
Makhleb
Nemelex Xobeh
Okawaru
Qazlal
Ru
Sif Muna
Trog
Uskayaw
Vehumet
Wu Jian
Xom
Yredelemnul
Zin
The Shining One


Innate Abilities, Weirdness & Mutations

You are partially covered in iridescent scales. (AC +2)
You possess an exceptional clarity of mind.
Your spells are a little easier to cast, but a little less powerful.


Message History

* * * LOW HITPOINT WARNING * * *
The wolf spider barely misses you.
Casting: Iskenderun's Mystic Blast (dangerous; 1% risk of failure)
Confirm with . or Enter, or press ? or * to list all spells.
You feel a surge of power!
You erupt in a blast of force!
The mystic blast hits the laughing skull.
The laughing skull is lightly damaged.
The laughing skull is knocked back by the mystic blast.
The laughing skull slams into the metal wall!
The laughing skull is heavily damaged.
The mystic blast hits the eight-headed hydra.
The eight-headed hydra is severely wounded.
The eight-headed hydra is knocked back by the mystic blast.
The eight-headed hydra slams into the metal wall!
The eight-headed hydra is severely wounded.
The mystic blast hits the wolf spider!
The wolf spider is almost dead.
The wolf spider is knocked back by the mystic blast.
The wolf spider slams into the metal wall!
The wolf spider is almost dead.
Your battlesphere fires!
The barrage of energy hits the laughing skull!
The laughing skull is almost destroyed.
The laughing skull gibbers with scorn.
The bolt of negative energy misses you.
You feel much better.
You flicker back into view.
The eight-headed hydra roars!
The laughing skull lets out a vicious peal of laugher.
The bolt of negative energy misses you.
The eight-headed hydra bites you but does no damage.
The eight-headed hydra bites you.
The eight-headed hydra bites you but does no damage.
The eight-headed hydra misses you. The eight-headed hydra bites you!
* * * LOW HITPOINT WARNING * * *
The eight-headed hydra misses you.
The eight-headed hydra bites you but does no damage.
The eight-headed hydra barely misses you.
The wolf spider hits you!
You die...

##### ## ### # .
.. .. .=#
#.#...#. .#.#
...#...#...
###.#####.###
.#.).#p<*#...#..
......zs..Q(....
.#...#D@)#...#.
###.#####.###
#...#...#...#
#.#...#...#.# #
.... .... #
##### #####


You could see a death knight (ally target), an eight-headed hydra, a tengu
warrior, a wolf spider, a laughing skull and a friendly battlesphere.

Vanquished Creatures
  A centaur warrior (D:11)
  2 two-headed ogres
  A tengu warrior (D:11)
  The ghost of dvd2 the Arsonist, a novice TeCA of Ignis (D:8)
  A cyclops (D:11)
  An unseen horror (D:8)
  2 trolls
  A shadow (D:10)
  A wraith (D:10)
  Sigmund (D:4)
  A wyvern (D:7)
  11 yaks (D:10)
  Eustachio (D:4)
  3 steam dragons
  Duvessa (D:7)
  Menkaure (D:4)
  7 water moccasins
  3 orc warriors
  2 sky beasts
  2 ice beasts
  6 black bears
  5 ogres
  4 centaurs
  2 kobold brigands
  4 bullfrogs
  3 scorpions
  A gnoll sergeant (D:8)
  Dowan (D:7)
  5 wights
  17 killer bees
  8 howler monkeys
  The ghost of Quickbrownfox the Changeling, a weakling OpSh (D:3)
  4 hounds
  2 jellies
  A bombardier beetle (D:5)
  9 orc priests
  2 spectral scorpions (Ossuary)
  A gnoll bouda (D:6)
  3 centaur skeletons (Ossuary)
  3 iguanas
  5 orc wizards
  3 sleepcaps (D:6)
  Natasha (thrice) (D:2)
  A crocodile zombie (Ossuary)
  9 mummies (Ossuary)
  11 gnolls
  5 adders
  2 shadow imps (D:8)
  2 ufetubi (D:6)
  4 dart slugs
  2 ribbon worms
  34 orcs
  5 bats
  5 endoplasms
  3 giant cockroaches
  9 goblins
  7 hobgoblins
  4 jackals
  6 quokkas
  6 ball pythons
  4 frilled lizards
  2 gnoll skeletons (Ossuary)
  10 kobolds
  3 orc skeletons (Ossuary)
  6 rats
  10 spectral rats (Ossuary)
287 creatures vanquished.

Vanquished Creatures (others)
  A quokka (D:6)
1 creature vanquished.

Grand Total: 288 creatures vanquished

Notes
Turn   | Place    | Note
-------+----------+-------------------------------------------
     0 | D:1      | Anriel the Deep Elf Conjurer began the quest for the Orb.
     0 | D:1      | Reached XP level 1. HP: 10/10 MP: 6/6
   316 | D:1      | Reached XP level 2. HP: 15/15 MP: 5/8
   326 | D:1      | Learned a level 2 spell: Searing Ray
  1207 | D:2      | Reached XP level 3. HP: 19/19 MP: 8/10
  1409 | D:2      | Noticed Natasha
  1414 | D:2      | Killed Natasha
  1437 | D:2      | Reached XP level 4. HP: 18/24 MP: 9/12
  1479 | D:2      | Noticed Natasha
  1490 | D:2      | Killed Natasha
  1775 | D:2      | Noticed Natasha
  1780 | D:2      | Killed Natasha
  1862 | D:2      | Learned a level 4 spell: Iskenderun's Mystic Blast
  1910 | D:3      | Reached skill level 5 in Conjurations
  1950 | D:3      | Reached skill level 5 in Spellcasting
  1950 | D:3      | Reached XP level 5. HP: 28/28 MP: 7/14
  2036 | D:3      | Found an iron altar of Okawaru.
  2050 | D:3      | Learned a level 5 spell: Iskenderun's Battlesphere
  2104 | D:3      | Found a bloodstained altar of Trog.
  2233 | D:3      | Found a transporter.
  2233 | D:3      | Noticed Quickbrownfox's ghost (weakling OpSh)
  2234 | D:3      | Found a transporter.
  2234 | D:3      | Noticed an ogre
  2234 | D:3      | Noticed an ogre
  2295 | D:3      | Reached skill level 1 in Translocations
  2510 | D:3      | Reached skill level 5 in Dodging
  2710 | D:3      | Identified a scroll of acquirement
  2710 | D:3      | Acquired a staff of conjuration
  2923 | D:4      | Reached XP level 6. HP: 32/32 MP: 4/15
  3083 | D:4      | Found a stormy altar of Qazlal.
  3261 | D:4      | Noticed Menkaure
  3294 | D:4      | Noticed Sigmund
  3297 | D:4      | Killed Sigmund
  3352 | D:4      | Reached XP level 7. HP: 36/36 MP: 11/16
  3483 | D:4      | Noticed Eustachio
  3491 | D:4      | Killed Eustachio
  3609 | D:4      | Found a shimmering blue altar of Sif Muna.
  3615 | D:4      | Became a worshipper of Sif Muna the Loreminder
  3716 | D:4      | Killed Menkaure
  3717 | D:4      | Reached skill level 5 in Stealth
  3894 | D:5      | Entered Level 5 of the Dungeon
  3968 | D:5      | Found an ancient bone altar of Kikubaaqudgha.
  4041 | D:5      | Reached XP level 8. HP: 41/41 MP: 10/18
  4098 | D:5      | Found a staircase to the Ecumenical Temple.
  4115 | Temple   | Entered the Ecumenical Temple
  4314 | D:5      | Found a sparkling altar of Nemelex Xobeh.
  4418 | D:5      | Found a radiant altar of Vehumet.
  4638 | D:5      | Found a snail-covered altar of Cheibriados.
  5072 | D:3      | Killed Quickbrownfox's ghost
  5075 | D:3      | Reached skill level 5 in Translocations
  5075 | D:3      | Reached * piety under Sif Muna
  5237 | D:6      | Found a white marble altar of Elyvilon.
  5254 | D:6      | Reached skill level 1 in Earth Magic
  5417 | D:6      | Reached XP level 9. HP: 45/45 MP: 2/22
  5865 | D:6      | Reached skill level 10 in Conjurations
  6051 | D:7      | Reached skill level 1 in Invocations
  6051 | D:7      | Reached skill level 1 in Evocations
  6088 | D:7      | Found a sacrificial altar of Ru.
  6254 | D:7      | Found a sand-covered staircase.
  6258 | Ossuary  | Entered an ossuary
  6406 | Ossuary  | Reached ** piety under Sif Muna
  7051 | D:7      | Reached skill level 5 in Earth Magic
  7185 | D:7      | Reached skill level 1 in Fire Magic
  7609 | D:7      | Noticed Duvessa
  7609 | D:7      | Noticed Dowan
  7615 | D:7      | Killed Duvessa
  7616 | D:7      | Killed Dowan
  7839 | D:7      | Reached XP level 10. HP: 50/50 MP: 18/25
  8593 | D:8      | Noticed a two-headed ogre
  8598 | D:8      | Killed a two-headed ogre
  8598 | D:8      | Reached *** piety under Sif Muna
  8601 | D:8      | Noticed dvd2's ghost (novice TeCA)
  8604 | D:8      | Found a runed translucent door.
  9200 | D:8      | Killed dvd2's ghost
  9201 | D:8      | Reached skill level 5 in Fire Magic
  9201 | D:8      | Reached skill level 5 in Evocations
  9208 | D:8      | Learned a level 6 spell: Bombard
  9215 | D:8      | Learned a level 6 spell: Starburst
  9402 | D:9      | Reached skill level 1 in Armour
  9417 | D:9      | Noticed a two-headed ogre
  9423 | D:9      | Killed a two-headed ogre
  9424 | D:9      | Reached skill level 10 in Spellcasting
  9424 | D:9      | Reached skill level 5 in Invocations
 10460 | D:10     | Entered Level 10 of the Dungeon
 10469 | D:10     | Reached XP level 11. HP: 40/54 MP: 17/27
 10546 | D:10     | Found a hide-covered altar of Uskayaw.
 10628 | D:10     | Acquired a staff of air
 10635 | D:10     | Identified the +0 scale mail of Moiqoat {rPois Will+}
 11067 | D:10     | Reached **** piety under Sif Muna
 11072 | D:10     | Reached skill level 5 in Armour
 11287 | D:10     | Found a staircase to the Lair.
 11385 | D:10     | Found a staircase to the Orcish Mines.
 11403 | D:10     | Found an opulent altar of Gozag.
 11626 | D:10     | Gained mutation: You expend magic power (3 MP) to
                  | strengthen your wands. [potion of mutation]
 11627 | D:10     | Lost mutation: You expend magic power (3 MP) to strengthen
                  | your wands. [potion of mutation]
 11627 | D:10     | Gained mutation: You have a pair of small horns on your
                  | head. [potion of mutation]
 11627 | D:10     | Gained mutation: Your mind is acute. (Int +4, Str/Dex -1)
                  | [potion of mutation]
 11627 | D:10     | Gained mutation: You are partially covered in iridescent
                  | scales. (AC +2) [potion of mutation]
 11628 | D:10     | Lost mutation: Your mind is acute. (Int +4, Str/Dex -1)
                  | [potion of mutation]
 11628 | D:10     | Lost mutation: You are partially covered in iridescent
                  | scales. (AC +2) [potion of mutation]
 11628 | D:10     | Gained mutation: You are frail. (-10% HP) [potion of
                  | mutation]
 11628 | D:10     | Gained mutation: Your mind is acute. (Int +4, Str/Dex -1)
                  | [potion of mutation]
 11629 | D:10     | Lost mutation: You have a pair of small horns on your head.
                  | [potion of mutation]
 11629 | D:10     | Lost mutation: Your mind is acute. (Int +4, Str/Dex -1)
                  | [potion of mutation]
 11629 | D:10     | Gained mutation: Your muscles are strong. (Str +4, Int/Dex
                  | -1) [potion of mutation]
 11629 | D:10     | Gained mutation: You expend magic power (3 MP) to
                  | strengthen your wands. [potion of mutation]
 11630 | D:10     | Lost mutation: You expend magic power (3 MP) to strengthen
                  | your wands. [potion of mutation]
 11630 | D:10     | Lost mutation: Your muscles are strong. (Str +4, Int/Dex
                  | -1) [potion of mutation]
 11630 | D:10     | Lost mutation: You are frail. (-10% HP) [potion of
                  | mutation]
 11630 | D:10     | Gained mutation: You have sharp toenails. [potion of
                  | mutation]
 11630 | D:10     | Gained mutation: You are frail. (-10% HP) [potion of
                  | mutation]
 11630 | D:10     | Gained mutation: You occasionally lose the ability to drink
                  | potions when taking damage. [potion of mutation]
 11631 | D:10     | Lost mutation: You are frail. (-10% HP) [potion of
                  | mutation]
 11631 | D:10     | Lost mutation: You have sharp toenails. [potion of
                  | mutation]
 11631 | D:10     | Lost mutation: You occasionally lose the ability to drink
                  | potions when taking damage. [potion of mutation]
 11631 | D:10     | Gained mutation: You possess an exceptional clarity of
                  | mind. [potion of mutation]
 11631 | D:10     | Gained mutation: Your spells are a little easier to cast,
                  | but a little less powerful. [potion of mutation]
 11631 | D:10     | Gained mutation: You are partially covered in iridescent
                  | scales. (AC +2) [potion of mutation]
 11664 | D:11     | Noticed a tengu warrior
 11664 | D:11     | Noticed an eight-headed hydra
 11664 | D:11     | Noticed a death knight
 11664 | D:11     | Noticed a centaur warrior
 11664 | D:11     | Noticed a tengu warrior
 11664 | D:11     | Noticed a wolf spider
 11676 | D:11     | Killed a centaur warrior
 11677 | D:11     | Killed a tengu warrior
 11680 | D:11     | Slain by a wolf spider

Illustrated notes

Levels and vault maps discovered:
D:1:      elethiomel_arrival_fortress_basement, layout_basic
D:2:      layout_loops_cross, minmay_unequal, uniq_natasha
D:3:      layout_loops_ring, bloody_trog, okawaru_metal_pillars_1_2,
          gammafunk_ghost_smash, kennysheep_generic_room_2
D:4:      layout_loops_cross, nicolae_qazlal_scattered_showers,
          mainiacjoe_overflow_boulevard, minmay_circle_x, uniq_eustachio,
          uniq_menkaure, uniq_sigmund
D:5:      layout_loops_ring, mainiacjoe_overflow_small_starburst,
          cheibrodos_worm_habitat, mainiacjoe_overflow_catch_the_wave,
          minmay_temple_entry_mini_moons, grunt_ministairs_7
D:6:      layout_rooms, elyvilon_altar_4
D:7:      layout_basic, lemuel_tele_altar, nicolae_ossuary_entry_plus,
          minivault_24, uniq_duvessa
D:8:      layout_basic, hellmonk_ghost_happy_afterlife
D:9:      layout_stronghold, dk_noncrumbling_4
D:10:     layout_roguey, grunt_gozag_breadcrumbs,
          nicolae_overflow_crystal_walls, due_lair_maze_entry_diamond, eino_jars
D:11:     minmay_ambush_box, layout_irregular_city, gammafunk_ghost_hydra_chop,
          nicolae_trove_entry_diagonal, uniq_harold
Temple:   nicolae_temple_bog_church

Skill      XL: |  1  2  3  4  5  6  7  8  9 10 11 |
---------------+----------------------------------+-----
Dodging        | 3 4 5 7 |  7.1
Spellcasting   | 4 5 7 9 10 | 10.0
Conjurations   | 5 6 7 9 10 | 10.0
Translocations | 1 2 4 5 |  5.0
Stealth        | 3 4 5 |  5.0
Earth Magic    | 1 5 7 |  7.3
Invocations    | 3 5 |  5.0
Evocations     | 3 5 |  5.0
Fire Magic     | 2 5 7 |  7.3
Armour         | 4 5 |  5.0

Action                     |  1- 3 |  4- 6 |  7- 9 | 10-12 || total
---------------------------+-------+-------+-------+-------++-------
  Melee: Unarmed           |     2 |       |       |       ||     2
         Staff             |       |     1 |     4 |     5 ||    10
   Cast: Magic Dart        |    51 |    75 |    97 |    86 ||   309
         Searing Ray       |     3 |    13 |    46 |    38 ||   100
         Iskenderun's Myst |       |       |    18 |    29 ||    47
         Iskenderun's Batt |       |       |     7 |    13 ||    20
 Invoke: Channel Magic     |       |       |       |     1 ||     1
Ability: Evoke Invisibilit |       |       |       |     1 ||     1
    Use: Scroll            |     2 |     1 |    17 |    11 ||    31
         Potion            |       |       |       |    10 ||    10
 Armour: Robe              |     2 |     7 |    26 |       ||    35
         Steam dragon scal |       |       |     2 |    73 ||    75
  Dodge: Dodged            |     4 |     9 |    28 |    68 ||   109
  Block: Other             |       |       |       |     2 ||     2
